 Dungeon Crawl Stone Soup version 0.17.0-28-g6e173f8 (webtiles) character file.

117 xeno23 the Gusty (level 4, 0/35 HPs)
             Began as a Demigod Air Elementalist on Nov 24, 2015.
             Slain by a river rat (10 damage)
             ... in a sewer.
             The game lasted 00:09:39 (2147 turns).

xeno23 the Gusty (Demigod Air Elementalist)         Turns: 2147, Time: 00:09:39

Health: 0/35       AC:  3    Str: 13    XL:     4   Next: 44%
Magic:  0/10       EV: 12    Int: 24    God:
Gold:   109        SH:  0    Dex: 16    Spells: 3 memorised, 1 level left

rFire  . . .     SeeInvis .     f - +2 dagger (speed)
rCold  . . .     Clarity  .     a - +0 robe
rNeg   . . .     SustAt   +     (no shield)
rPois  .         Gourm    .     i - +0 helmet
rElec  .         Spirit   .     (no cloak)
rCorr  .         Warding  .     (no gloves)
rMut   .         Stasis   .     (no boots)
MR     .....                    (no amulet)
Stlth  ++........               (no ring)
                                (no ring)

@: brilliant, very slightly contaminated, not resistant to hostile enchantments,
unstealthy
A: high mp 1, sustain attributes
a: no special abilities


You were in a sewer.
You were not hungry.

You visited 1 branch of the dungeon, and saw 4 of its levels.
You also visited: Sewer.

You collected 109 gold pieces.

Inventory:

Hand Weapons
 d - a +0 short sword
 f - a +2 dagger of speed (weapon)
Missiles
 l - 10 poisoned needles
Armour
 a - a +0 robe (worn)
 i - a +0 helmet (worn)
Scrolls
 e - a scroll of enchant weapon
 k - a scroll of remove curse
Potions
 o - 2 potions of mutation
Books
 b - a book of Air

   Spells                             Type                      Level
   a - Shock                          Conjuration/Air              1
   b - Swiftness                      Charms/Air                   2
   c - Repel Missiles                 Charms/Air                   2
   d - Static Discharge               Conjuration/Air              3
   e - Lightning Bolt                 Conjuration/Air              5
Comestibles
 c - 3 bread rations
 g - a meat ration
 h - a slice of pizza
 m - a chunk of flesh
 p - 4 fruits


   Skills:
 + Level 1.5 Fighting
 + Level 2.1 Armour
 - Level 1.7 Dodging
 - Level 1.7 Stealth
 + Level 2.3 Spellcasting
 + Level 1.6 Conjurations
 + Level 3.1 Air Magic


You had one spell level left.
You knew the following spells:

 Your Spells              Type           Power        Failure   Level  Hunger
a - Shock                 Conj/Air       ####         1%          1    None
b - Swiftness             Chrm/Air       ###.....     1%          2    ##.....
q - Static Discharge      Conj/Air       ####....     2%          3    ###....


Dungeon Overview and Level Annotations

Branches:
Dungeon (4/15)
 Temple: D:4-7

Annotations:
D:3 Terence


Innate Abilities, Weirdness & Mutations

You have an increased reservoir of magic (+10% MP).
Your attributes are resistant to harm.


Message History

The river rat bites you.
You take 4 damage.
You hit the river rat but do no damage.
The river rat is moderately wounded.
You hit the river rat but do no damage.
The river rat is moderately wounded.
The river rat bites you!
* * * LOW HITPOINT WARNING * * *
You take 10 damage.
You closely miss the river rat.
The river rat is moderately wounded.
The river rat misses you.
You hit the river rat.
The river rat is heavily wounded.
Read which item? (? for menu, Esc to quit)
Okay, then.
You hit the river rat but do no damage.
The river rat is heavily wounded.
The river rat bites you!
You die...

###
#@#
#r#
#r#
#†#
#∩#
#.#
#∩#
#.#
#.#


You could see 2 river rats.

Vanquished Creatures
  An iguana (D:3)
  Robin (D:3)
  An ooze (D:2)
  5 giant geckos
  An orc (D:3)
  9 giant cockroaches
  5 hobgoblins
  7 jackals (D:2)
  10 kobolds
  6 bats
  2 giant newts (D:1)
  11 goblins
  10 rats
69 creatures vanquished.

Notes
Turn   | Place    | Note
--------------------------------------------------------------
     0 | D:1      | xeno23 the Demigod Air Elementalist began the quest for the Orb.
     0 | D:1      | Reached XP level 1. HP: 14/14 MP: 5/5
   123 | D:1      | Reached XP level 2. HP: 10/22 MP: 4/7
   223 | D:1      | Reached skill level 1 in Armour
   243 | D:1      | Reached skill level 1 in Fighting
   465 | D:2      | Reached skill level 1 in Conjurations
   674 | D:2      | Reached XP level 3. HP: 28/28 MP: 3/8
  1357 | D:3      | Learned a level 2 spell: Swiftness
  1361 | D:3      | Learned a level 3 spell: Static Discharge
  1539 | D:3      | Noticed Terence
  1621 | D:3      | Reached skill level 3 in Air Magic
  1621 | D:3      | Reached XP level 4. HP: 3/35 MP: 0/10
  1720 | D:3      | Noticed Robin
  1984 | D:3      | Killed Robin
  2112 | D:3      | Found a glowing drain.
  2127 | Sewer    | Entered a sewer
  2147 | Sewer    | Slain by a river rat

Action                   |  1- 3 |  4- 6 || total
-------------------------+-------+-------++-------
Melee: Short sword       |    16 |       ||    16
       Dagger            |    72 |    41 ||   113
 Cast: Shock             |    85 |    27 ||   112
       Static Discharge  |       |     1 ||     1
  Use: Scroll            |     5 |       ||     5
       Potion            |       |     2 ||     2
 Stab: Sleeping          |     1 |       ||     1
  Eat: Chunk             |     3 |     2 ||     5
